 Dungeon Sprint DCSS version 0.23-b1-70-gd12f7cf (webtiles) character file.

Game seed: 5742856786386351130

2052 poirepourri the Unseen (level 9, -2/39 HPs)
             Began as a Spriggan Enchanter on Feb 6, 2019.
             Was a Follower of Dithmenos.
             Slain by a polar bear (18 damage)
             ... in the Dungeon (Sprint II: "The Violet Keep of Menkaure").
             The game lasted 00:04:34 (1017 turns).

poirepourri the Unseen (Spriggan Enchanter)         Turns: 1017, Time: 00:04:34

Health: -2/39      AC:  2    Str:  4    XL:     9   Next: 4%
Magic:  15/26      EV: 18    Int: 22    God:    Dithmenos [*.....]
Gold:   10         SH:  0    Dex: 19    Spells: 20/32 levels left

rFire    . . .     SeeInvis +   c - +2 short sword (venom)
rCold    . . .     Gourm    .   (shield restricted)
rNeg     . . .     Faith    .   b - +0 robe
rPois    .         Spirit   .   (helmet restricted)
rElec    .         Reflect  .   (no cloak)
rCorr    .         Harm     .   (gloves unavailable)
MR       +....     NoTele   +   (boots unavailable)
Stlth    +++++++++.             (no amulet)
HPRegen  0.13/turn              j - ring of wizardry
MPRegen  0.20/turn              (no ring)

@: brilliant, lethally poisoned (-2 -> -4), wreathed by umbra, very quick
A: very small, unfitting armour, see invisible, herbivore, speed 3, slow
metabolism 2
a: Renounce Religion


You were in the Dungeon.
You worshipped Dithmenos.
Dithmenos was aware of your devotion.
You were not hungry.

You visited 1 branch You collected 729 gold pieces.
You spent 719 gold pieces at shops.

Inventory:

Hand Weapons
 c - a +2 short sword of venom (weapon)
Missiles
 a - 3 tomahawks (quivered)
Armour
 b - a +0 robe (worn)
Jewellery
 j - a ring of wizardry (left hand)
Potions
 e - 3 potions of curing
 f - 4 potions of heal wounds
 g - a potion of haste
 h - 2 potions of magic
 i - a potion of berserk rage
Comestibles
 d - a ration


   Skills:
 - Level 1.1 Short Blades
 - Level 3.0 Dodging
 - Level 20.1 Stealth
 - Level 12.4 Spellcasting
 + Level 12.6 Hexes


You had 20 spell levels left.
You knew the following spells:

 Your Spells              Type           Power        Failure   Level  Hunger
a - Corona                Hex            ######.      1%          1    None
b - Ensorcelled Hibernat  Hex/Ice        ######       1%          2    None
c - Confuse               Hex            ######..     1%          3    None
d - Tukima's Dance        Hex            ######..     1%          3    None
e - Dazzling Spray        Conj/Hex       ######       1%          3    None

Your spell library contained the following spells:

 Spells                   Type           Power        Failure   Level  Hunger


Dungeon Overview and Level Annotations

Branches:
Dungeon (1/1)

Altars:
Cheibriados
Dithmenos
Elyvilon
Fedhas
Gozag
Hepliaklqana
Kikubaaqudgha
Makhleb
Nemelex Xobeh
Okawaru
Qazlal
Ru
Sif Muna
Trog
Uskayaw
Vehumet
Wu Jian
Xom
Yredelemnul
Zin
The Shining One
Beogh
Jiyva
Lugonu

Shops:
D :}!!(*[=%?=[:!(:

Annotations:
D exclusion: oklob plant


Innate Abilities, Weirdness & Mutations

You are very small and have problems with some larger weapons.
You are too small for most types of armour.
You have supernaturally acute eyesight. (SInv)
You are a herbivore.
You cover ground extremely quickly.
You need to consume almost no food.


Message History

There is an open door here.
You strike the helpless polar bear from behind!
You impale the polar bear!!
The polar bear looks even sicker.
The polar bear is severely wounded.
You hit the polar bear but do no damage.
The polar bear looks as sick as possible!
The polar bear is severely wounded.
You feel sick.
There is a roughly hewn altar of Beogh here.
Casting: Confuse (safe; 1% risk of failure)
Confirm with . or Enter, or press ? or * to list all spells.
Aiming: Confuse (safe; 1% risk of failure)
Press: ? - help, Shift-Dir - straight line, f/p - polar bear
Aim: a polar bear (almost dead, poisoned, confused, chance to defeat MR: 80%)
The polar bear appears confused.
You feel sick.
There is a hazy altar of Hepliaklqana here.
You hit the polar bear.
The polar bear is poisoned.
The polar bear is lightly wounded.
The polar bear bites you!!
You die...

######..## #^.# $#▓[???)!)
'###.##..# +..# .#▓$!??$$%
.##...#..# #..# .#▓!!$(?($
<.'###'..####..##.#▓!!$%%$(
.##...#..§.###..h##▓▓▓▓▓▓▓+
'###.##......≈≈≈≈≈≈≈≈≈≈≈≈≈.
..####≈≈.....≈#'########+##
#..#≈≈≈≈≈≈≈..≈#.h_._._.#t§≈
.##≈≈≈≈§§≈≈.≈#.@._._..#§§§
##≈≈≈≈≈§≈≈§≈§#_._._._.#≈§§
≈≈≈§≈≈§§§≈§§#._._._._#≈§t #
++#§§§≈≈§§§≈#.._._._.#§§≈ z
##≈§§###≈≈#..._._._#§§≈ ≈≈
#≈≈#...._._.#§≈§
#≈≈#....._._#≈§§
≈≈≈≈##########≈≈§
#####≈≈≈≈≈≈≈≈≈≈≈§


You could see 2 polar bears.

Vanquished Creatures
  A merfolk siren (D)
  A yaktaur (D)
  2 tyrant leeches (D)
  A polar bear (D)
  A hornet (D)
  4 neqoxecs (D)
  Menkaure (D)
  A crocodile (D)
  A hell rat (D)
  4 worker ants (D)
17 creatures vanquished.

Notes
Turn   | Place    | Note
-------+----------+-------------------------------------------
     0 | D        | poirepourri the Spriggan Enchanter began the quest for the
                  | Orb.
     0 | D        | Reached XP level 1. HP: 9/9 MP: 5/5
     1 | D        | Noticed a tyrant leech
     1 | D        | Noticed a tyrant leech
     4 | D        | Noticed a neqoxec
     7 | D        | Noticed a worker ant
     7 | D        | Noticed a worker ant
     9 | D        | Noticed a worker ant
     9 | D        | Noticed a worker ant
    10 | D        | Killed a worker ant
    10 | D        | Reached skill level 9 in Stealth
    10 | D        | Reached XP level 2. HP: 13/13 MP: 6/6
    11 | D        | Reached skill level 11 in Stealth
    11 | D        | Reached XP level 3. HP: 16/16 MP: 8/8
    13 | D        | Reached skill level 12 in Stealth
    13 | D        | Reached XP level 4. HP: 21/21 MP: 9/9
    16 | D        | Reached skill level 13 in Stealth
    22 | D        | Noticed a merfolk siren
    30 | D        | Learned a level 2 spell: Ensorcelled Hibernation
    33 | D        | Killed a merfolk siren
    33 | D        | Reached skill level 20 in Stealth
    33 | D        | Reached XP level 5. HP: 24/24 MP: 5/10
    33 | D        | Reached XP level 6. HP: 28/28 MP: 5/11
   196 | D        | Learned a level 3 spell: Confuse
   200 | D        | Learned a level 3 spell: Tukima's Dance
   276 | D        | Killed a neqoxec
   276 | D        | Reached XP level 7. HP: 32/32 MP: 12/18
   277 | D        | Noticed a neqoxec
   278 | D        | Killed a neqoxec
   279 | D        | Noticed a neqoxec
   279 | D        | Noticed a neqoxec
   281 | D        | Killed a neqoxec
   281 | D        | Reached skill level 10 in Spellcasting
   283 | D        | Killed a neqoxec
   290 | D        | Learned a level 3 spell: Dazzling Spray
   351 | D        | Found Baumuet's Food Boutique.
   351 | D        | Found Zatin's Jewellery Shop.
   351 | D        | Found Xefracw's Jewellery Shop.
   351 | D        | Found Emeufoupp's Distillery.
   351 | D        | Found Luoda's Antique Armour Boutique.
   352 | D        | Found Gaiz Aru's Book Shop.
   352 | D        | Found Reufikk's Book Boutique.
   352 | D        | Found Rety Hel's Antique Armour Shop.
   352 | D        | Found Utabac's General Store.
   352 | D        | Found Bete's Antique Weapon Shop.
   352 | D        | Found Xiliteth's Distillery.
   353 | D        | Found Ogeorievepp's Distillery.
   353 | D        | Found Timeecir's Gadget Boutique.
   354 | D        | Found Baozos's Antique Weapon Boutique.
   354 | D        | Found Bypruofiulo's Magic Scroll Shop.
   355 | D        | Noticed Menkaure
   355 | D        | Noticed a great orb of eyes
   355 | D        | Noticed an oklob plant
   362 | D        | Killed Menkaure
   362 | D        | Reached XP level 8. HP: 36/36 MP: 25/25
   369 | D        | Found Deiwy's Book Shoppe.
   379 | D        | Bought a potion of heal wounds for 70 gold pieces
   383 | D        | Bought a glowing short sword for 120 gold pieces
   389 | D        | Bought a potion of heal wounds for 55 gold pieces
   389 | D        | Bought a potion of curing for 33 gold pieces
   389 | D        | Bought a potion of curing for 33 gold pieces
   480 | D        | Noticed an orange crystal statue
   494 | D        | Killed a tyrant leech
   621 | D        | Found a roughly hewn altar of Beogh.
   630 | D        | Killed a tyrant leech
   902 | D        | Noticed a flying skull
   928 | D        | Bought an uncursed ring of wizardry for 300 gold pieces
   936 | D        | Bought a potion of heal wounds for 60 gold pieces
   936 | D        | Bought a potion of brilliance for 48 gold pieces
   961 | D        | Found a hazy altar of Hepliaklqana.
   961 | D        | Found a snail-covered altar of Cheibriados.
   962 | D        | Found a stormy altar of Qazlal.
   962 | D        | Found a viscous altar of Jiyva.
   962 | D        | Found a shadowy altar of Dithmenos.
   963 | D        | Found a sacrificial altar of Ru.
   963 | D        | Found an ancient bone altar of Kikubaaqudgha.
   963 | D        | Found a white marble altar of Elyvilon.
   964 | D        | Found an ornate altar of the Wu Jian Council.
   964 | D        | Found a deep blue altar of Sif Muna.
   964 | D        | Found a corrupted altar of Lugonu.
   965 | D        | Found a shimmering altar of Xom.
   965 | D        | Found a bloodstained altar of Trog.
   965 | D        | Found a burning altar of Makhleb.
   965 | D        | Found a blossoming altar of Fedhas.
   966 | D        | Found a glowing golden altar of the Shining One.
   966 | D        | Found a basalt altar of Yredelemnul.
   966 | D        | Found a hide-covered altar of Uskayaw.
   968 | D        | Found a glowing silver altar of Zin.
   968 | D        | Found a radiant altar of Vehumet.
   968 | D        | Found a sparkling altar of Nemelex Xobeh.
   968 | D        | Noticed a hornet
   968 | D        | Noticed a polar bear
   969 | D        | Found an opulent altar of Gozag.
   969 | D        | Found an iron altar of Okawaru.
   969 | D        | Noticed a yaktaur
   970 | D        | Noticed a polar bear
   975 | D        | Became a worshipper of Dithmenos the Shadowed
   984 | D        | Noticed a polar bear
   989 | D        | Paralysed by a hornet for 1 turns
   996 | D        | Killed a polar bear
   998 | D        | Killed a hornet
   999 | D        | Killed a yaktaur
   999 | D        | Reached * piety under Dithmenos
   999 | D        | Reached XP level 9. HP: 19/39 MP: 17/26
  1017 | D        | Slain by a polar bear

Skill      XL: |  1  2  3  4  5  6  7  8 |
---------------+-------------------------+-----
Stealth        | 9 11 12 20 | 20.1
Spellcasting   | 6 12 | 12.4
Hexes          | 12 | 12.6
Short Blades   | |  1.1
Dodging        | |  3.0

Action                   |  1- 3 |  4- 6 |  7- 9 || total
-------------------------+-------+-------+-------++-------
Melee: Dagger            |     3 |     7 |     5 ||    15
       Short sword       |       |       |    18 ||    18
 Cast: Ensorcelled Hiber |       |     2 |    17 ||    19
       Confuse           |       |       |     7 ||     7
  Use: Scroll            |       |       |     1 ||     1
       Potion            |       |       |     1 ||     1
 Stab: Sleeping          |     3 |     3 |     7 ||    13
       Confused          |       |       |     4 ||     4
Armor: Robe              |       |       |     1 ||     1
Dodge: Dodged            |       |     1 |    10 ||    11
